Map: Radhuset Station LE

Players

Subwayeatn

  • Race: Terran Terran
  • League: Diamond
  • Spawn Location: 7:00

Denzo

  • Race: Terran Terran
  • Spawn Location: 1:00

fiddlermcgee

  • Race: Zerg Zerg

Dan

  • Race: Zerg Zerg

VOD

Have the link to the VOD?

Description

Time

  • Played on: Nov. 16, 2023, 3:03 p.m.
  • Length: 15:56
Show
View Real Time Build Order
Export as new Build Order

Subwayeatn Terran 

Build Orders:  

Get SALT Encoding   

  12  0:00  SCV  
  13  0:12  SCV  
  14  0:21  Supply Depot  
  14  0:24  SCV  
  15  0:42  SCV  
  16  0:44  Barracks  
  16  0:51  Refinery  
  16  0:54  SCV  
  17  1:07  SCV  
  18  1:19  SCV  
  20  1:35  Reaper  
  20  1:36  Orbital Command  
  20  1:42  Supply Depot  
  20  2:06  SCV  
  21  2:09  Command Center  
  21  2:14  Reaper  
  22  2:18  SCV  
  23  2:29  Supply Depot  
  23  2:30  SCV  
  24  2:43  SCV  
  25  2:44  Barracks  
  25  2:50  Barracks Reactor  
  25  2:55  SCV  
  26  3:07  SCV  
  26  3:08  Factory  
  26  3:12  Refinery  
  27  3:19  SCV  
  28  3:31  SCV  
  29  3:38  Orbital Command  
  28  3:43  SCV  
  28  3:44  Barracks Tech Lab  
  28  3:47  Marine x2  
  31  3:54  Starport  
  31  3:55  SCV  
  32  3:59  Factory Tech Lab  
  32  4:03  SCV  
  32  4:07  Marine x2, SCV  
  32  4:08  Refinery  
  36  4:15  SCV  
  37  4:19  SCV  
  37  4:20  Siege Tank  
  41  4:27  Marine x2  
  41  4:30  Marauder  
  45  4:33  Stimpack  
  45  4:36  Starport Reactor  
  45  4:39  SCV  
  45  4:40  Refinery, SCV  
  45  4:44  Marine x2  
  49  4:51  SCV  
  49  4:52  Marauder, Supply Depot, SCV  
  53  5:01  Supply Depot  
  53  5:03  SCV  
  54  5:13  Marine x2  
  54  5:14  Siege Tank, SCV, Medivac  
  62  5:22  SCV, Medivac  
  62  5:26  SCV  
  66  5:31  Supply Depot  
  66  5:34  SCV  
  67  5:38  SCV  
  67  5:40  Engineering Bay  
  68  5:46  SCV  
  69  5:50  SCV  
  70  5:59  SCV  
  70  6:01  Medivac x2  
  70  6:02  SCV  
  70  6:04  Barracks  
  76  6:07  Engineering Bay  
  76  6:08  Supply Depot  
  76  6:10  Supply Depot  
  76  6:11  Supply Depot, SCV  
  77  6:13  Marine  
  78  6:26  Command Center  
  78  6:29  Marine, Siege Tank, SCV x2  
  78  6:30  Marauder  
  78  6:32  Medivac x2  
  90  6:41  SCV x2  
  92  6:54  SCV x2  
  94  7:01  Refinery  
  94  7:02  Viking, Medivac  
  94  7:06  Supply Depot, SCV x2  
  100  7:18  SCV x2  
  102  7:24  Refinery  
  102  7:28  Concussive Shells, Siege Tank  
  105  7:30  SCV x2  
  105  7:32  Marine x2  
  105  7:34  Terran Infantry Weapons Level 1  
  105  7:35  Terran Infantry Armor Level 1  
  109  7:38  Marauder  
  109  7:42  SCV x2  
  113  7:45  Orbital Command  
  113  7:48  Supply Depot  
  112  7:54  SCV x2  
  114  7:59  Marauder  
  116  8:06  SCV x2  
  116  8:09  Siege Tank  
  116  8:11  Missile Turret, Combat Shield, Medivac  
  116  8:12  Medivac  
  125  8:13  Marine  
  125  8:14  Marine  
  127  8:21  Marauder  
  127  8:22  Barracks Reactor  
  129  8:33  Missile Turret, Marine x2  
  131  8:40  SCV x2  
  133  8:57  Missile Turret  
  133  9:03  Supply Depot  
  133  9:05  Supply Depot  
  133  9:09  Supply Depot  
  133  9:15  Medivac x2  
  133  9:20  Marauder, SCV x2  
  133  9:21  SCV  
  133  9:22  Siege Tank  
  129  9:25  Supply Depot  
  129  9:28  Neosteel Armor, Supply Depot  
  129  9:29  Hi-Sec Auto Tracking  
  125  9:32  Supply Depot, SCV  
  125  9:33  SCV x2  
  125  9:34  Marine  
  125  9:35  Marine x2  
  129  9:42  Marauder  
  129  9:44  SCV  
  129  9:45  SCV  
  133  9:48  Supply Depot  
  133  9:53  SCV  
  133  9:54  Siege Tank  
  133  9:56  Supply Depot, SCV  
  138  10:01  Command Center  
  138  10:02  SCV  
  138  10:03  Marauder  
  138  10:05  SCV  
  142  10:07  Medivac x2  
  142  10:08  SCV  
  142  10:10  Marine  
  142  10:11  Marine x3  
  151  10:14  SCV  
  152  10:24  Marauder  
  152  10:26  Siege Tank  
  157  10:28  Marine x3  
  160  10:43  Command Center  
  160  10:46  Marauder  
  162  10:53  SCV  
  162  10:54  SCV x2  
  162  10:56  Sensor Tower, Marine x4  
  164  10:57  Supply Depot  
  164  10:58  Siege Tank  
  151  11:07  Marauder  
  151  11:08  Medivac x2  
  124  11:14  Marine x4  
  127  11:27  SCV x3  
  127  11:28  Marauder  
  127  11:30  Siege Tank  
  127  11:32  Marine  
  136  11:34  Command Center  
  136  11:38  Marine x3  
  136  11:39  Command Center, SCV x2  
  141  11:48  Factory  
  141  11:49  Marine  
  141  11:50  Marauder  
  144  11:54  Armory  
  144  11:56  Marine  
  144  12:00  Factory  
  145  12:02  Siege Tank  
  148  12:11  Marauder  
  150  12:18  Marine x2  
  150  12:19  Marine x2  
  150  12:22  Medivac x2  
  158  12:23  SCV x3  
  161  12:33  Marauder  
  161  12:34  Siege Tank  
  161  12:36  Marine  
  167  12:47  Factory Tech Lab  
  167  12:51  Factory Tech Lab  
  167  12:52  Viking x2  
  167  12:54  Marauder  
  167  12:55  Terran Infantry Weapons Level 2  
  167  12:56  Terran Infantry Armor Level 2  
  173  13:06  SCV  
  173  13:07  SCV x2  
  173  13:08  Marine x4  
  170  13:22  Viking x2  
  157  13:32  Missile Turret  
  131  13:51  Bunker, Viking  
  131  13:52  Viking  
  131  13:53  Missile Turret  
  129  14:16  Missile Turret  
  129  14:23  Bunker  
  121  14:42  Missile Turret  
  121  14:44  SCV x2  
  121  14:45  Marauder, Marine x4  
  126  14:51  Thor  
  126  14:52  Siege Tank  
  136  14:54  Supply Depot  
  136  14:56  Liberator x2  
  142  15:02  Marine  
  142  15:03  Marine  
  142  15:04  Missile Turret  
  142  15:05  SCV  
  147  15:07  Marauder  
  147  15:15  Marine  
  147  15:20  Marine  
  126  15:28  Marauder  
  126  15:32  Marine  
  116  15:38  Marine  
Show
View Real Time Build Order
Export as new Build Order

Denzo Terran 

Build Orders:  

Get SALT Encoding   

  12  0:00  Drone  
  13  0:12  Overlord  
  13  0:17  Drone  
  14  0:30  Drone x2  
  14  0:34  Drone  
  17  0:52  Hatchery  
  17  0:55  Drone  
  17  0:59  Drone  
  18  1:11  Extractor  
  17  1:15  Spawning Pool  
  17  1:18  Drone  
  17  1:21  Drone  
  18  1:28  Drone  
  19  1:38  Overlord  
  19  1:49  Drone  
  20  2:04  Queen x2  
  20  2:05  Zergling x4  
  26  2:11  Drone  
  27  2:16  Drone, Metabolic Boost  
  28  2:30  Drone x2  
  28  2:35  Overlord  
  30  2:37  Drone  
  31  2:45  Queen  
  33  2:57  Drone x2  
  33  2:58  Drone x2  
  37  3:09  Overlord  
  37  3:10  Drone  
  38  3:19  Hatchery  
  37  3:28  Overlord, Queen  
  37  3:30  Drone x2  
  37  3:33  Drone x2  
  43  3:46  Extractor  
  43  3:48  Roach Warren, Lair  
  41  4:11  Drone x3  
  41  4:12  Overlord  
  41  4:13  Overlord x4  
  44  4:18  Drone  
  44  4:19  Drone x2  
  47  4:39  Roach  
  47  4:40  Roach x6  
  47  4:42  Overlord  
  61  4:48  Roach  
  61  4:49  Glial Reconstitution  
  61  4:51  Drone x2  
  61  4:52  Drone  
  66  4:56  Extractor  
  65  5:06  Roach  
  67  5:07  Roach x5  
  77  5:24  Zergling x2  
  77  5:25  Zergling x12  
  77  5:28  Drone  
  85  5:33  Overseer  
  85  5:35  Pneumatized Carapace  
  85  5:37  Drone x4  
  85  5:38  Zergling x6  
  92  5:56  Drone  
  92  5:57  Drone x6  
  99  6:06  Spore Crawler  
  99  6:09  Roach  
  99  6:10  Roach x6  
  111  6:20  Overlord x2  
  111  6:21  Overlord  
  111  6:29  Roach  
  111  6:30  Overlord x3  
  111  6:31  Overlord  
  112  6:43  Overlord x4  
  112  6:46  Drone  
  113  6:47  Drone x3  
  113  6:51  Extractor  
  115  7:05  Hydralisk Den  
  115  7:07  Evolution Chamber  
  113  7:08  Evolution Chamber  
  112  7:15  Drone  
  112  7:16  Drone x12  
  112  7:19  Extractor  
  112  7:21  Extractor  
  123  7:24  Infestation Pit  
  123  7:28  Roach x2  
  123  7:29  Roach  
  128  7:36  Grooved Spines  
  127  7:37  Hydralisk x3  
  127  7:43  Hatchery  
  131  7:53  Drone x2  
  131  7:54  Drone  
  131  7:55  Drone x3  
  131  7:57  Zerg Ground Armor Level 1, Zerg Missile Weapons Level 1  
  137  8:01  Hive  
  137  8:04  Lurker Den  
  136  8:16  Hydralisk  
  136  8:17  Hydralisk x4  
  146  8:29  Queen  
  136  9:33  Spore Crawler  
  136  9:36  Hydralisk x12  
  136  9:37  Hydralisk x13  
  185  9:40  Drone x7  
  192  9:50  Seismic Spines  
  192  9:57  Queen  
  192  9:59  Zerg Missile Weapons Level 2  
  194  10:02  Zerg Melee Weapons Level 1  
  194  10:08  Spore Crawler  
  194  10:09  Extractor x2  
  191  10:18  Drone x3  
  191  10:19  Drone x3  
  191  10:20  Drone x2  
  156  11:04  Viper  
  156  11:05  Viper x4  
  156  11:06  Roach x6  
  156  11:07  Roach  
  156  11:08  Zergling x18  
  156  11:09  Zergling x20  
  192  11:31  Adrenal Glands  
  192  11:32  Adaptive Talons  
  192  11:35  Ultralisk Cavern  
  191  11:57  Overlord  
  191  11:59  Overseer, Overlord  
  191  12:00  Overseer x2  
  191  12:33  Hatchery  
  191  12:36  Hatchery  
  189  12:46  Hatchery  
  188  12:54  Overseer  
  188  12:57  Overseer  
  155  13:32  Hydralisk x6  
  155  13:33  Hydralisk x5  
  136  13:35  Roach x12  
  136  13:36  Roach x2  
  158  13:43  Chitinous Plating  
  158  13:44  Ultralisk x5  
  158  13:46  Zergling x2  
  158  13:47  Zergling x6  
  192  13:50  Baneling Nest  
  191  14:08  Hatchery  
  190  14:11  Drone x2, Queen  
  190  14:12  Drone  
  190  14:13  Extractor  
  194  14:18  Queen  
  194  14:21  Queen  
  194  14:22  Drone  
  199  14:46  Extractor  
  199  14:47  Extractor  
  199  14:50  Muscular Augments  
  197  15:04  Drone x2  
  177  15:29  Zergling x2  
  177  15:30  Zergling x38  
  177  15:31  Zergling x8  
Show
View Real Time Build Order
Export as new Build Order

fiddlermcgee Zerg 

Build Orders:  

Get SALT Encoding   

Show
View Real Time Build Order
Export as new Build Order

Dan Zerg 

Build Orders:  

Get SALT Encoding   

Tags
 
Add a new tag
Caveats
  • Supply blocks, unpowered buildings, or Contaminate may cause inaccurate times.
  • Supply counts are checked every 10 seconds.